 Dungeon Crawl Stone Soup version 0.23.0 (webtiles) character file.

Game seed: 7108307977948638821

84 tatocazan the Skirmisher (level 4, -1/40 HPs)
             Began as a Ghoul Monk on Feb 15, 2019.
             Slain by a centaur (7 damage)
             ... on level 3 of the Dungeon.
             The game lasted 00:04:00 (2339 turns).

tatocazan the Skirmisher (Ghoul Monk)               Turns: 2339, Time: 00:04:00

Health: -1/40      AC: 10    Str: 14    XL:     4   Next: 45%
Magic:  3/3        EV:  7    Int:  6    God:
Gold:   100        SH:  0    Dex: 11    Spells: 3/3 levels left

rFire    . . .     SeeInvis .     - Unarmed
rCold    + . .     Gourm    .   (no shield)
rNeg     + + +     Faith    .   a - +0 chain mail
rPois    ∞         Spirit   .   o - +0 helmet
rElec    .         Reflect  .   l - +0 cloak
rCorr    .         Harm     .   (no gloves)
MR       .....                  (no boots)
Stlth    ..........             (no amulet)
HPRegen  0.00/turn              d - ring of stealth
MPRegen  0.08/turn              (no ring)

@: rotting
A: rotting body, claws 1, carnivore, cold resistance 1, negative energy
resistance 3, inhibited regeneration, torment resistance, unbreathing
a: no special abilities


You were on level 3 of the Dungeon.
You were not hungry.

You visited 1 branch of the dungeon, and saw 3 of its levels.

You collected 100 gold pieces.

Inventory:

Hand Weapons
 i - a +0 hunting sling of freezing
Armour
 a - a +0 chain mail (worn)
 l - a +0 cloak (worn)
 o - a +0 helmet (worn)
Jewellery
 d - a ring of stealth (left claw)
Scrolls
 e - a scroll of blinking {unknown}
 g - 5 scrolls of teleportation {unknown}
 h - a scroll of magic mapping {unknown}
 m - a scroll of noise {unknown}
 n - a scroll of enchant armour {unknown}
Potions
 f - a potion of mutation {unknown}
 j - a potion of degeneration {unknown}
Comestibles
 b - 2 rations
 k - 2 chunks of flesh


   Skills:
 + Level 4.0 Fighting
 + Level 3.2 Dodging
 + Level 3.2 Stealth
 + Level 4.0 Unarmed Combat


You had 3 spell levels left.
You didn't know any spells.
Your spell library was empty.

Dungeon Overview and Level Annotations

Branches:
Dungeon (3/15)

Altars:
Ashenzari
Xom


Innate Abilities, Weirdness & Mutations

Your body is rotting away.
You thrive on raw meat.
You are immune to poison.
You have sharp fingernails.
You are carnivorous and can eat meat at any time.
Your flesh is cold resistant. (rC+)
You are immune to negative energy. (rN+++)
You do not regenerate when monsters are visible.
You are immune to unholy pain and torment.
You can survive without breathing.


Message History

The rat bites you but does no damage.
You scratch the centaur but do no damage.
The centaur is lightly wounded.
The centaur hits you but does no damage.
The rat bites you but does no damage.
You scratch the centaur.
The centaur is moderately wounded.
The centaur hits you but does no damage.
The centaur hits you.
* * * LOW HITPOINT WARNING * * *
You take 5 damage, and have 6/40 hp.
You completely miss the centaur.
The centaur is moderately wounded.
The rat barely misses you.
The centaur hits you but does no damage.
You scratch the centaur.
The centaur is moderately wounded.
The centaur hits you but does no damage.
The rat bites you but does no damage. The centaur hits you!
You die...

...##..........#####
. #....###.........
#....#(..........
#.....(......>...
#...###(.........
##### #.(........ .
#.(........
....#.(........
........@.......
.....##rc...#...
.##......(..# .
#.........#
...........#
.#..........
#...........
#....###.>...


You could see a centaur and a rat.

Vanquished Creatures
  4 adders
  A worm (D:2)
  A leopard gecko (D:2)
  3 orcs (D:2)
  2 giant cockroaches
  7 goblins
  4 hobgoblins
  7 bats
  3 frilled lizards
  5 kobolds
  7 rats
44 creatures vanquished.

Notes
Turn   | Place    | Note
-------+----------+-------------------------------------------
     0 | D:1      | tatocazan the Ghoul Monk began the quest for the Orb.
     0 | D:1      | Reached XP level 1. HP: 19/19 MP: 0/0
   449 | D:1      | Reached XP level 2. HP: 23/26 MP: 1/1
  1327 | D:2      | Reached XP level 3. HP: 31/31 MP: 2/2
  1505 | D:2      | Found a shattered altar of Ashenzari.
  1899 | D:2      | Reached XP level 4. HP: 37/40 MP: 3/3
  2242 | D:3      | Found a shimmering altar of Xom.
  2326 | D:3      | Noticed a centaur
  2339 | D:3      | Slain by a centaur

Skill      XL: |  1  2  3  4 |
---------------+-------------+-----
Dodging        | 3 |  3.2
Stealth        | 3 |  3.2
Fighting       | 4 |  4.0
Unarmed Combat | 4 |  4.0

Action                   |  1- 3 |  4- 6 || total
-------------------------+-------+-------++-------
Melee: Unarmed           |   118 |    36 ||   154
       Punch             |     1 |       ||     1
  Use: Potion            |       |     1 ||     1
 Stab: Sleeping          |     1 |       ||     1
  Eat: Chunk             |     5 |     2 ||     7
Armor: Robe              |     3 |       ||     3
       Chain mail        |    31 |    25 ||    56
       Leather armour    |     5 |       ||     5
Dodge: Dodged            |    51 |    17 ||    68
